 Dungeon Crawl Stone Soup version 0.29.0-11-gd7f09526c8 (webtiles) character file.

Game seed: 18069055680012178148

85 sizableburger the Ducker (level 4, 0/27 HPs)
             Began as a Deep Elf Fighter on Sept 4, 2022.
             Slain by a jackal (3 damage)
             ... on level 2 of the Dungeon.
             The game lasted 00:03:57 (2745 turns).

sizableburger the Ducker (Deep Elf Fighter)         Turns: 2745, Time: 00:03:58

Health: 0/27       AC:  6    Str: 15    XL:     4   Next: 25%
Magic:  6/6        EV: 10    Int: 13    God:
Gold:   98         SH:  4    Dex: 14    Spells: 3/3 levels left

rFire   . . .      SeeInvis .   a - +0 war axe
rCold   . . .      Faith    .   c - +0 buckler
rNeg    . . .      Spirit   .   b - +0 scale mail
rPois   .          Reflect  .   (no helmet)
rElec   .          Harm     .   (no cloak)
rCorr   .          Rampage  .   (no gloves)
Will    .....                   (no boots)
Stlth   ..........              (no amulet)
HPRegen 0.09/turn               (no ring)
MPRegen 0.10/turn               (no ring)

@: mighty
A: no striking features
a: no special abilities


You were on level 2 of the Dungeon.
You visited 1 branch of the dungeon, and saw 3 of its levels.

You collected 98 gold pieces.

Inventory:

Hand Weapons
 a - a +0 war axe (weapon)
Armour
 b - a +0 scale mail (worn)
 c - a +0 buckler (worn)
Scrolls
 e - a scroll of teleportation
Potions
 d - 3 potions of might
 f - a potion of resistance {unknown}
 g - a potion of curing {unknown}
 h - a potion of flight {unknown}
 i - a potion of degeneration {unknown}


   Skills:
 + Level 2.5 Fighting
 + Level 2.8 Axes
 - Level 2.4 Armour
 - Level 3.1 Dodging
 - Level 2.4 Shields


You had 3 spell levels left.
You didn't know any spells.
Your spell library contained the following spells:

 Spells                   Type           Power      Damage    Failure   Level
 Static Discharge         Conj/Air       0%         3-3/arc   94%         2
 Tukima's Dance           Hex            0%         N/A       99%         3
 Dispel Undead            Necr           0%         3d6       100%        4
 Passage of Golubria      Tloc           0%         N/A       100%        4
 Sticky Flame             Conj/Fire      0%         2d3       100%        4
 Summon Lightning Spire   Summ/Air       0%         N/A       100%        4
 Yara's Violent Unravell  Hex/Tmut       0%         3d3       100%        5
 Storm Form               Tmut/Air       0%         N/A       100%        7
 Maxwell's Capacitive Co  Air            0%         ∞         100%        8


Dungeon Overview and Level Annotations

Branches:
Dungeon (3/15)

Altars:


Message History

HP restored.
Found a stone staircase leading down.
A rat comes into view.
A rat is nearby!
The rat bites you but does no damage.
You barely miss the rat. The rat misses you. The rat closely misses you.
You barely miss the rat. The rat bites you but does no damage.
You slash the rat!
You kill the rat!
No target in view!
A gnoll and a jackal come into view.
There are monsters nearby! 2 jackals come into view.
The jackal barks! x2
The gnoll hits you with a +0 halberd.
There is an open door here.
You barely miss the gnoll. The gnoll hits you with a +0 halberd!
You feel very mighty all of a sudden. You block the jackal's attack.
The gnoll misses you.
You slash the gnoll!
The gnoll is severely wounded.
You hit the jackal. You block the gnoll's attack.
The jackal bites you but does no damage. x3
The gnoll hits you with a +0 halberd!
* * * LOW HITPOINT WARNING * * *
You barely miss the gnoll.
The gnoll is severely wounded.
You slash the jackal!
You kill the jackal!
You barely miss the jackal. The jackal closely misses you.
The gnoll closely misses you.
The jackal bites you but does no damage.
The jackal closely misses you.
You completely miss the gnoll.
The gnoll is severely wounded.
You closely miss the jackal. You barely miss the jackal.
The jackal barely misses you.
The jackal bites you but does no damage.
You block the gnoll's attack. The jackal bites you.
You die...

..#.....# #.#
#.#.# ..#.....#
#.# #.#.#
..#######
#.####...# ..#
#.......## ..#
#######.# ..#
#..# ..# #.##
..# #.# <.# #@#
#.#
#..ghh.....#
..#
#..........#
###
............#
..............#
...!..........#
.....######...#
....# #..#
##....


You could see a gnoll and 2 jackals.

Vanquished Creatures
  5 gnolls
  A worm (D:2)
  A ball python (D:2)
  6 endoplasms
  2 giant cockroaches
  2 goblins
  2 hobgoblins
  A jackal (D:2)
  A quokka (D:1)
  3 bats (D:1)
  2 frilled lizards (D:1)
  6 kobolds
  4 rats
36 creatures vanquished.

Notes
Turn   | Place    | Note
-------+----------+-------------------------------------------
     0 | D:1      | sizableburger the Deep Elf Fighter began the quest for the
                  | Orb.
     0 | D:1      | Reached XP level 1. HP: 13/13 MP: 3/3
   285 | D:1      | Reached skill level 1 in Dodging
   489 | D:1      | Reached XP level 2. HP: 18/18 MP: 4/4
  1289 | D:1      | Reached skill level 2 in Dodging
  1289 | D:1      | Reached XP level 3. HP: 14/22 MP: 5/5
  1935 | D:2      | Identified the +0 robe of Magic {rCorr}
  2131 | D:2      | Reached skill level 3 in Dodging
  2131 | D:2      | Reached XP level 4. HP: 5/27 MP: 6/6
  2745 | D:2      | Slain by a jackal

Illustrated notes

Levels and vault maps discovered:
D:1:      roderic_crossed_star, layout_basic
D:2:      layout_basic, shapermc_ecumenical_altar_petra
D:3:      layout_basic, nicolae_overflow_crystal_walls, cheibrodos_worm_habitat,
          chequers_serial_rivers_micro_b, uniq_terence

Skill      XL: |  1  2  3 |
---------------+----------+-----
Dodging        | 1 2 3 |  3.1
Axes           | 2 |  2.8
Fighting       | |  2.5
Armour         | |  2.4
Shields        | |  2.4

Action                   |  1- 3 |  4- 6 || total
-------------------------+-------+-------++-------
Melee: War axe           |    96 |    18 ||   114
  Use: Scroll            |     3 |       ||     3
       Potion            |     2 |     1 ||     3
Armor: Scale mail        |    40 |    15 ||    55
       Skin              |     1 |       ||     1
Dodge: Dodged            |    41 |    10 ||    51
Block: Buckler           |    27 |     3 ||    30
